 Dungeon Crawl Stone Soup version 0.29.1-2-gbd0b4ee654 (webtiles) character file.

Game seed: 16444762433580355726

238 Mohgwyn the Poker (level 5, -1/46 HPs)
             Began as a Minotaur Fighter on Nov 3, 2022.
             Slain by Edmund
             ... wielding a +0 flail of protection
              (5 damage)
             ... on level 4 of the Dungeon.
             The game lasted 00:09:40 (2320 turns).

Mohgwyn the Poker (Minotaur Fighter)                Turns: 2320, Time: 00:09:41

Health: -1/46      AC:  3    Str: 22    XL:     5   Next: 78%
Magic:  4/4        EV: 10    Int:  5    God:
Gold:   143        SH:  4    Dex: 10    Spells: 4/4 levels left

rFire   . . .      SeeInvis .   a - +0 trident
rCold   + . .      Faith    +   c - +0 buckler
rNeg    . . .      Spirit   .   y - +0 leather armour of Fashionability {+Inv Fly}
rPois   .          Reflect  .   (helmet restricted)
rElec   .          Harm     .   (no cloak)
rCorr   .          Rampage  .   (no gloves)
Will    .....                   (no boots)
Stlth   +.........              f - amulet of faith
HPRegen 0.15/turn               q - ring of protection from cold
MPRegen 0.09/turn               (no ring)

@: flying
A: horns 2, retaliatory headbutt
a: Evoke Invisibility


You were on level 4 of the Dungeon.
You visited 1 branch of the dungeon, and saw 4 of its levels.

You collected 143 gold pieces.

Inventory:

Hand Weapons
 a - a +0 trident (weapon)
Missiles
 u - 3 boomerangs (quivered)
Armour
 b - a +0 scale mail
 c - a +0 buckler (worn)
 y - the +0 leather armour of Fashionability (worn) {+Inv Fly}
   (You found it on level 4 of the Dungeon)

   +Inv:      It lets you turn invisible.
   Fly:       It grants you flight.
Jewellery
 f - an amulet of faith (around neck)
 q - a ring of protection from cold (left hand)
Wands
 x - a wand of polymorph (5)
Scrolls
 e - a scroll of blinking {unknown}
 h - a scroll of noise {unknown}
 i - a scroll of identify {unknown}
 j - a scroll of vulnerability {unknown}
 k - 2 scrolls of immolation {unknown}
 l - 2 scrolls of poison {unknown}
 n - 2 scrolls of fear {unknown}
 o - a scroll of enchant armour {unknown}
 p - a scroll of butterflies {unknown}
 w - a scroll of teleportation {unknown}
 z - a scroll of magic mapping {unknown}
Potions
 d - 2 potions of might
 g - a potion of heal wounds {unknown}
 m - a potion of flight {unknown}
 r - a potion of curing {unknown}
 s - a potion of haste {unknown}
 t - a potion of degeneration {unknown}
 v - a potion of lignification {unknown}


   Skills:
 - Level 4.1 Fighting
 + Level 6.7 Polearms
 - Level 3.9 Armour
 - Level 0.2 Dodging
 - Level 3.9 Shields


You had 4 spell levels left.
You didn't know any spells.
Your spell library contained the following spells:

 Spells                   Type           Power      Damage    Failure   Level
 Freeze                   Ice            0%         1d3       63%         1
 Call Canine Familiar     Summ           0%         N/A       94%         3
 Frozen Ramparts          Ice            0%         1d1       94%         3
 Inner Flame              Hex/Fire       0%         N/A       94%         3
 Portal Projectile        Hex/Tloc       0%         N/A       94%         3
 Cause Fear               Hex            0%         N/A       100%        4
 Hailstorm                Conj/Ice       0%         3d3       100%        4
 Leda's Liquefaction      Hex/Erth       0%         N/A       100%        4
 Discord                  Hex            0%         N/A       100%        8


Dungeon Overview and Level Annotations

Branches:
Dungeon (4/15)
 Temple: D:4-7

Altars:

Annotations:
D:4 Edmund


Innate Abilities, Weirdness & Mutations

You have a pair of horns on your head.
You reflexively headbutt those who attack you in melee.


Message History

You headbutt Edmund, but do no damage. You barely miss Edmund.
You block Edmund's attack.
You hit Edmund but do no damage.
Edmund hits you with a +0 flail of protection.
You hit Edmund but do no damage. Your headbutt misses Edmund.
Edmund hits you with a +0 flail of protection!
You hit Edmund but do no damage. You headbutt Edmund, but do no damage.
Edmund hits you with a +0 flail of protection.
You puncture Edmund!
Edmund is moderately wounded.
Edmund hits you with a +0 flail of protection.
You hit Edmund. You headbutt Edmund, but do no damage.
Edmund is moderately wounded.
Edmund completely misses you.
You hit Edmund. You headbutt Edmund.
Edmund is heavily wounded.
Edmund barely misses you.
You barely miss Edmund.
Edmund is heavily wounded.
Edmund hits you with a +0 flail of protection!
You hit Edmund but do no damage.
Edmund is heavily wounded.
You block Edmund's attack.
You hit Edmund but do no damage.
Edmund is heavily wounded.
Edmund hits you with a +0 flail of protection!
* * * LOW HITPOINT WARNING * * *
You hit Edmund but do no damage. You headbutt Edmund, but do no damage.
Edmund is heavily wounded.
Edmund hits you with a +0 flail of protection.
* * * LOW HITPOINT WARNING * * *
Edmund is nearby!
Aiming: Polymorph
Press: ? - help, Shift-Dir - straight line, f - Edmund
Aim: Edmund, wielding a +0 flail of protection and wearing a +3 chain mail of fire resistance (heavily wounded, will become a centaur, a steam dragon, or a naga, chance to affect: 49%)
Okay, then.
You barely miss Edmund.
Edmund is heavily wounded.
Edmund hits you with a +0 flail of protection.
You die...

##### ###### #.....
##....##......
#.............
#.............
#....#....#...
###.#...@@......
##...#....##.....
###..###....##.....
#...## #........... #
#.### ....#....#...
.#####.## #.............
........##..............
.........#......###.....
....##...#


You could see Edmund.

Vanquished Creatures
  A phantom (D:4)
  Ijyb (D:3)
  4 adders
  3 worms (D:2)
  6 dart slugs
  An orc (D:3)
  11 endoplasms
  3 giant cockroaches
  3 goblins
  6 hobgoblins
  6 jackals (D:1)
  2 kobolds (D:1)
  5 quokkas
  A ball python (D:3)
  8 bats
  4 frilled lizards (D:1)
  14 rats
79 creatures vanquished.

Notes
Turn   | Place    | Note
-------+----------+-------------------------------------------
     0 | D:1      | Mohgwyn the Minotaur Fighter began the quest for the Orb.
     0 | D:1      | Reached XP level 1. HP: 19/19 MP: 0/0
   395 | D:1      | Reached XP level 2. HP: 27/27 MP: 1/1
   570 | D:1      | Reached skill level 3 in Polearms
   622 | D:1      | Reached XP level 3. HP: 31/31 MP: 2/2
   969 | D:2      | Reached skill level 4 in Polearms
  1064 | D:2      | Reached XP level 4. HP: 29/39 MP: 3/3
  1453 | D:3      | Noticed Ijyb
  1479 | D:3      | Killed Ijyb
  1486 | D:3      | Reached skill level 5 in Polearms
  1888 | D:3      | Reached XP level 5. HP: 46/46 MP: 4/4
  2040 | D:3      | Found a faded altar of an unknown god.
  2075 | D:4      | Identified the +0 leather armour of Fashionability {+Inv
                  | Fly}
  2096 | D:4      | Noticed a phantom
  2107 | D:4      | Killed a phantom
  2108 | D:4      | Reached skill level 6 in Polearms
  2305 | D:4      | Noticed Edmund
  2320 | D:4      | Slain by Edmund

Illustrated notes

Levels and vault maps discovered:
D:1:      lemuel_arrival_broad_hall, layout_rooms, minmay_indecisive_spiral
D:2:      layout_rooms
D:3:      layout_rooms, dreamdust_ecumenical_altar_angels_and_demons, uniq_ijyb
D:4:      layout_cave_pools, bloody_makhleb, minmay_temple_entry_grid,
          serial_shops, shop, skrybe_limestone_x, uniq_edmund

Skill      XL: |  1  2  3  4  5 |
---------------+----------------+-----
Fighting       | 4 |  4.1
Polearms       | 3 4 5 6 |  6.7
Armour         | |  3.9
Dodging        | |  0.2
Shields        | |  3.9

Action                   |  1- 3 |  4- 6 || total
-------------------------+-------+-------++-------
Melee: Trident           |   129 |    84 ||   213
       Headbutt          |    12 |    13 ||    25
       Unarmed           |       |    10 ||    10
Armor: Scale mail        |    36 |    10 ||    46
       Skin              |       |     4 ||     4
       Leather armour    |       |     3 ||     3
Dodge: Dodged            |    41 |    22 ||    63
Block: Buckler           |    19 |    11 ||    30
